 Dungeon Crawl Stone Soup version 0.17-a0-1954-g0dddeaa (webtiles) character file.

350 Rationalist the Ducker (level 6, -3/48 HPs)
             Began as a Demonspawn Berserker on Oct 4, 2015.
             Was a Priest of Trog.
             Slain by an ogre
             ... wielding a +0 giant spiked club
              (33 damage)
             ... on level 4 of the Dungeon.
             The game lasted 00:06:20 (4560 turns).

Rationalist the Ducker (Demonspawn Berserker)       Turns: 4560, Time: 00:06:20

Health: -3/48      AC:  3    Str: 15    XL:     6   Next: 34%
Magic:  6/6        EV: 14    Int:  8    God:    Trog [***...]
Gold:   212        SH:  0    Dex: 14    Spells: 0 memorised, 5 levels left

rFire  . . .     SeeInvis .     a - +0 hand axe
rCold  . . .     Clarity  .     b - +0 animal skin
rNeg   . . .     SustAt   .     (no shield)
rPois  .         Gourm    .     (no helmet)
rElec  .         Spirit   .     (no cloak)
rCorr  .         Warding  .     (no gloves)
rMut   .         Stasis   .     (no boots)
MR     .....                    (no amulet)
Stlth  ++........               (no ring)
                                y - -3 ring of strength (curse)

@: not resistant to hostile enchantments, unstealthy
A: claws 1, molten scales 1
a: Burn Spellbooks, Berserk, Trog's Hand, Renounce Religion


You were on level 4 of the Dungeon.
You worshipped Trog.
Trog was most pleased with you.
You were hungry.

You visited 1 branch of the dungeon, and saw 4 of its levels.

You collected 212 gold pieces.

Inventory:

Hand weapons
 a - a +0 hand axe (weapon)
Missiles
 k - 25 sling bullets
 p - 51 bolts
 q - 30 poisoned needles
Armour
 b - a +0 animal skin (worn)
Jewellery
 y - a cursed -3 ring of strength (left claw)
Scrolls
 d - a scroll of fog {unknown}
 e - 3 scrolls of identify {unknown}
 g - a scroll of teleportation {unknown}
 j - a scroll of random uselessness {unknown}
 l - 2 scrolls of remove curse {unknown}
 m - a scroll of immolation {unknown}
 n - a scroll of enchant weapon {unknown}
 o - a scroll of enchant armour {unknown}
 v - a scroll of magic mapping {unknown}
 w - a scroll of amnesia {unknown}
Potions
 h - a potion of heal wounds
 s - a potion of cure mutation {unknown}
 t - a potion of invisibility {unknown}
 x - a potion of curing
 A - a potion of might {unknown}
Comestibles
 c - 2 bread rations
 f - a beef jerky
 i - a meat ration
 r - a slice of pizza
 u - 6 fruits


   Skills:
 + Level 4.2 Fighting
 + Level 3.9 Axes
 + Level 1.9 Armour
 + Level 4.5 Dodging
 + Level 0.8 Stealth


You had 5 spell levels left.
You didn't know any spells.

Dungeon Overview and Level Annotations

Branches:
Dungeon (4/15)
 Temple: D:4-7

Altars:
The Shining One


Innate Abilities, Weirdness & Mutations

You have sharp fingernails.
You are partially covered in molten scales (AC +1).


Message History

The ogre hits you with a giant spiked club!!
You barely miss the ogre.
The ogre is heavily wounded.
The ogre closely misses you.
You barely miss the ogre.
The ogre is heavily wounded.
The ogre closely misses you.
You hit the ogre.
The ogre is severely wounded.
You hit the ogre but do no damage.
The ogre is severely wounded.
The ogre closely misses you.
You hit the ogre.
The ogre is severely wounded.
The ogre closely misses you.
You hit the ogre but do no damage.
The ogre is severely wounded.
The ogre hits you with a giant spiked club!!
Ouch! That really hurt!
You die...

...# ...#
'#################
..##.#...........#
.>#..'...........#
..'..#...........#
..#..#...........#
..#+##...........#######
##.....#'###+##.@.......
#.....#......#.O.....#.
#.....#......#...)...#
#.....#......#.......#
#.....#......+....?..#
#.....+.)....#.......+
#.....#..#####.......#
####'##..### ##+#....#
#.........#


You could see an ogre.

Vanquished Creatures
  An ogre (D:4)
  A giant frog skeleton (D:4)
  Jessica (D:2)
  A worker ant (D:4)
  4 gnolls (D:4)
  6 adders
  An ooze (D:3)
  An adder skeleton (D:4)
  3 worms
  2 giant geckos
  5 orcs (D:3)
  A giant cockroach (D:3)
  7 goblins
  8 hobgoblins
  11 kobolds
  A quokka (D:2)
  A ball python (D:3)
  13 bats
  A giant newt (D:1)
  7 jackals
  15 rats
91 creatures vanquished.

Notes
Turn   | Place    | Note
--------------------------------------------------------------
     0 | D:1      | Rationalist the Demonspawn Berserker began the quest for the Orb.
     0 | D:1      | Reached XP level 1. HP: 18/18 MP: 1/1
   138 | D:1      | Gained mutation: You are partially covered in molten scales (AC +1). [demonic ancestry]
   138 | D:1      | Reached XP level 2. HP: 14/24 MP: 2/2
   167 | D:1      | Acquired Trog's second power
   827 | D:1      | Gained mutation: You have sharp fingernails. [demonic ancestry]
   827 | D:1      | Reached XP level 3. HP: 12/29 MP: 3/3
   844 | D:1      | Found a glowing golden altar of the Shining One.
  1224 | D:2      | Noticed Jessica
  1240 | D:2      | Killed Jessica
  1245 | D:2      | Reached XP level 4. HP: 9/35 MP: 4/4
  2855 | D:3      | Reached XP level 5. HP: 22/41 MP: 5/5
  3939 | D:4      | Reached skill level 4 in Dodging
  3942 | D:4      | HP: 2/63 [gnoll/whip of venom (7)]
  3948 | D:4      | HP: 2/42 [poisoned by a gnoll]
  3954 | D:4      | HP: 2/42 [poisoned by a gnoll]
  4231 | D:4      | Noticed an ogre
  4241 | D:4      | Killed an ogre
  4241 | D:4      | Reached XP level 6. HP: 40/48 MP: 6/6
  4548 | D:4      | Noticed an ogre
  4560 | D:4      | Slain by an ogre

Vault maps used:
D:1:      tarquinn_simple_flora_water_d, grunt_decor_cap, tso_metal_star
D:2:      serial_park_tiny_pond, uniq_jessica
D:3:      first_bread, serial_park_tiny_1
D:4:      lemuel_doored_altar

Action                   |  1- 3 |  4- 6 || total
-------------------------+-------+-------++-------
Melee: Hand axe          |   116 |   207 ||   323
Invok: Trog's Hand       |     1 |     4 ||     5
       Berserk           |     1 |     3 ||     4
 Stab: Sleeping          |     1 |     1 ||     2
  Eat: Chunk             |     1 |    15 ||    16
